 Dungeon Crawl Stone Soup version 0.31-a0-204-g7da18cac08 (webtiles) character file.

Game seed: 11333717275155900438

384 qw the Skirmisher (level 6, 0/35 HPs)
             Began as a Deep Elf Hunter on June 27, 2023.
             Slain by a quokka (2 damage)
             ... on level 4 of the Dungeon.
             The game lasted 00:01:02 (2326 turns).

qw the Skirmisher (Deep Elf Hunter)                 Turns: 2326, Time: 00:01:03

Health: 0/35       AC:  6    Str: 10    XL:     6   Next: 47%
Magic:  8/8        EV: 11    Int: 14    God:
Gold:   167        SH:  0    Dex: 18    Spells: 5/5 levels left

rFire   . . .        Y - +0 shortbow
rCold   . . .        (shield currently unavailable)
rNeg    . . .        g - +0 ring mail
rPois   .            k - +0 helmet
rElec   .            (no cloak)
rCorr   .            (no gloves)
SInv    .            (no boots)
Will    .....        c - amulet of faith
Stlth   +            (no ring)
HPRegen 0.25/turn    (no ring)
MPRegen 0.11/turn

%: faith
@: no status effects
A: no striking features
a: no special abilities


You were on level 4 of the Dungeon.
You visited 1 branch of the dungeon, and saw 4 of its levels.

You collected 167 gold pieces.


   Skills:
 - Level 2.1 Fighting
 - Level 10.0 Ranged Weapons
 + Level 2.4 Dodging
 - Level 1.2 Stealth


You had 5 spell levels left.
You didn't know any spells.
Your spell library was empty.

Inventory:

Hand Weapons
 Y - a +0 shortbow (weapon)
Armour
 g - a +0 ring mail (worn)
 k - a +0 helmet (worn)
Jewellery
 b - an amulet of the acrobat
 c - an amulet of faith (around neck)
Wands
 a - a wand of digging (1)
Scrolls
 j - a scroll of identify
Potions
 d - a potion of mutation {unknown}
 e - a potion of haste {unknown}
 f - a potion of berserk rage {unknown}
 h - a potion of magic {unknown}
 i - a potion of brilliance {unknown}
 m - a potion of invisibility {unknown}

Dungeon Overview and Level Annotations

Branches:
Dungeon (4/15)
 Temple: D:4-7

Altars:
Ru
Sif Muna
Trog

Annotations:
D:3 2 runed translucent doors, qw's ghost, amateur DEHu


Message History

The hound bites you but does no damage. The hound closely misses you.
You shoot an arrow. The arrow hits the hound!
You kill the hound!
The hound bites you but does no damage.
Your Ranged Weapons skill increases to level 10!
You shoot an arrow. The arrow closely misses the hound.
The hound barely misses you. The quokka closely misses you.
The hound bites you but does no damage. The quokka barely misses you.
You shoot an arrow. The arrow completely misses the hound.
The hound closely misses you. The quokka barely misses you.
The hound closely misses you.
You shoot an arrow. The arrow misses the hound.
The hound bites you but does no damage. The quokka barely misses you.
You shoot an arrow. The arrow barely misses the hound.
The hound closely misses you. The quokka misses you. The hound bites you.
You shoot an arrow. The arrow barely misses the hound.
The quokka barely misses you. The hound bites you.
You shoot an arrow. The arrow barely misses the hound.
The hound bites you. The quokka bites you. The hound bites you.
The quokka closely misses you.
You shoot an arrow. The arrow hits the hound!
The hound is heavily wounded.
The hound closely misses you. The quokka barely misses you.
You shoot an arrow. The arrow hits the hound.
The hound is severely wounded.
The hound barely misses you.
The quokka bites you but does no damage.
The hound misses you.
You shoot an arrow. The arrow closely misses the hound.
The hound bites you but does no damage. The quokka bites you.
The hound closely misses you.
You shoot an arrow.
The arrow hits the hound but does no damage.
The hound is severely wounded.
The quokka bites you but does no damage.
The hound bites you but does no damage. The quokka bites you.
You shoot an arrow. The arrow hits the hound.
The hound is almost dead.
The hound bites you. The quokka bites you.
You die...

#........##.#
#...........#
.>.........#
...........
######......8.8.
.#..............$
..........r8.....
#.)>.....@h...<..
#........#......
#........##.....
#.........######
#.........#...# ##
#######..##..## ###.
##.#..## #..
###.....######.#
...<..........##.###


You could see a hound and a quokka.

Vanquished Creatures
  Grinder (D:3)
  A hound (D:4)
  A jelly (D:4)
  Robin (D:3)
  A gnoll (D:3)
  2 adders (D:2)
  A white imp (D:3)
  A dart slug (D:1)
  5 orcs (D:3)
  3 ball pythons
  4 endoplasms
  6 giant cockroaches
  16 goblins
  8 hobgoblins
  3 jackals (D:1)
  3 quokkas (D:1)
  5 bats
  5 frilled lizards
  7 kobolds
  5 rats (D:1)
79 creatures vanquished.

Notes
Turn   | Place    | Note
-------+----------+-------------------------------------------
     0 | D:1      | qw the Deep Elf Hunter began the quest for the Orb.
     0 | D:1      | Reached XP level 1. HP: 12/12 MP: 3/3
     0 | D:1      | 0 ||| qw: Version: 0.3-a-22-g0ed2b0b
     0 | D:1      | 0 ||| qw: Game counter: 6389
     0 | D:1      | 0 ||| qw: Melee chars always use a shield: true
     0 | D:1      | 0 ||| qw: God list: Okawaru
     0 | D:1      | 0 ||| qw: Allow faded altars: false
     0 | D:1      | 0 ||| qw: Do Orc after clearing Dungeon:15 true
     0 | D:1      | 0 ||| qw: Do second Lair branch before Depths: true
     0 | D:1      | 0 ||| qw: Lair rune preference: random
     0 | D:1      | 0 ||| qw: Goals: Normal
     0 | D:1      | 0 ||| PLANNING D:1-11
   114 | D:1      | Reached skill level 6 in Ranged Weapons
   114 | D:1      | Reached XP level 2. HP: 12/16 MP: 4/4
   147 | D:1      | 147 ||| READING scroll labelled AGOHI BITURAAQ.
   148 | D:1      | 148 ||| DROPPING scroll of butterflies.
   381 | D:1      | Reached XP level 3. HP: 20/20 MP: 5/5
   598 | D:1      | 598 ||| UPGRADING to amulet of the acrobat.
   603 | D:1      | 603 ||| READING scroll labelled JIS FICKUNKEY.
   604 | D:1      | 604 ||| READING scroll labelled HAUXTA FALIN.
   605 | D:1      | 605 ||| READING scroll labelled KEIZXU GEOJ.
   606 | D:1      | 606 ||| DRINKING 2 lumpy golden potions.
   607 | D:1      | 607 ||| DROPPING potion of attraction.
   687 | D:2      | Reached skill level 7 in Ranged Weapons
   895 | D:2      | Found a sacrificial altar of Ru.
   988 | D:2      | Reached XP level 4. HP: 25/25 MP: 6/6
  1221 | D:2      | 1221 ||| UPGRADING to +0 ring mail.
  1231 | D:2      | 1231 ||| DROPPING +0 leather armour.
  1232 | D:2      | 1232 ||| UPGRADING to +0 helmet.
  1237 | D:2      | 1237 ||| READING scroll labelled BUJIPL GUODASS.
  1238 | D:2      | 1238 ||| READING scroll labelled TIARUY IGONG.
  1241 | D:2      | 1241 ||| DRINKING 2 glowing red potions.
  1347 | D:3      | Found a large runed translucent door.
  1348 | D:3      | Found a large runed translucent door.
  1349 | D:3      | Noticed qw's ghost (amateur DEHu)
  1459 | D:3      | Found a bloodstained altar of Trog.
  1498 | D:3      | Found a shimmering blue altar of Sif Muna.
  1512 | D:3      | Noticed Robin
  1525 | D:3      | HP: 6/25 [goblin/+0 dagger[Robin] (2)]
  1526 | D:3      | 1526 ||| DRINKING potion of heal wounds.
  1539 | D:3      | HP: 6/25 [Robin/+0 falchion (1)]
  1541 | D:3      | Killed Robin
  1542 | D:3      | Reached skill level 8 in Ranged Weapons
  1644 | D:3      | Found a faded altar of an unknown god.
  1768 | D:3      | Noticed Grinder
  1782 | D:3      | Killed Grinder
  1783 | D:3      | Reached skill level 9 in Ranged Weapons
  1783 | D:3      | Reached XP level 5. HP: 17/29 MP: 7/7
  1783 | D:3      | Reached XP level 6. HP: 20/34 MP: 8/8
  2026 | D:3      | 2026 ||| FLEEEEING.
  2027 | D:3      | 2027 ||| FLEEEEING.
  2028 | D:3      | 2028 ||| FLEEEEING.
  2029 | D:3      | 2029 ||| FLEEEEING.
  2236 | D:3      | 2236 ||| UPGRADING to amulet of faith.
  2246 | D:3      | 2246 ||| READING scroll labelled KOIMEM HUFRUST.
  2267 | D:4      | 2267 ||| PLANNING OSSUARY
  2316 | D:4      | Reached skill level 10 in Ranged Weapons
  2321 | D:4      | HP: 7/35 [quokka (3)]
  2325 | D:4      | HP: 3/35 [quokka (2)]
  2326 | D:4      | Slain by a quokka

Levels and vault maps discovered:
D:1:      nagdon_arrival_double_spiral, layout_basic, grunt_decor_cap
D:2:      layout_loops_ring, basic_altar
D:3:      layout_basic, nzn_overflow_gifts_of_might_and_magic,
          hellmonk_ecumenical_altar_heavens_door, serial_curves, eino_curves_03,
          eino_curves_01, ebering_ghost_disaster_area, nicolae_titane,
          uniq_grinder, uniq_robin
D:4:      layout_rooms, lightli_ossuary_entry_decrepit_ruins, kennysheep_path_1,
          grunt_ministairs_9, uniq_pikel

Skill      XL: |  1  2  3  4  5  6 |
---------------+-------------------+-----
Ranged Weapons | 6 7 9 10 | 10.0
Fighting       | 2 |  2.1
Dodging        | |  2.4
Stealth        | |  1.2

Action                     |  1- 3 |  4- 6 || total
---------------------------+-------+-------++-------
   Fire: Shortbow          |   123 |   122 ||   245
    Use: Scroll            |     4 |     3 ||     7
         Potion            |     1 |     2 ||     3
 Armour: Leather armour    |    16 |       ||    16
         Ring mail         |       |    27 ||    27
  Dodge: Dodged            |    34 |    79 ||   113

Table legend:
 A = Non-vault XP
 B = Vault XP
 C = Vault XP percentage of total XP
 D = Non-vault monster count
 E = Vault monster count
 F = Vault count percentage of total count
                 A         B        C        D         E       F
            +---------+---------+-------+---------+---------+-------
      Total |     175 |     374 |  68.1 |      62 |      17 |  21.5
            +---------+---------+-------+---------+---------+-------
        D:1 |      58 |       0 |   0.0 |      34 |       0 |   0.0
        D:2 |      43 |       0 |   0.0 |      12 |       0 |   0.0
        D:3 |      27 |     332 |  92.5 |      13 |      16 |  55.2
        D:4 |      47 |      42 |  47.2 |       3 |       1 |  25.0
            +---------+---------+-------+---------+---------+-------
